 Dungeon Crawl Stone Soup version 0.31-a0-845-g9abc20d24f (webtiles) character file.

Game seed: 13356884360024969423

4595 wvc the Destroyer (level 10, -1/50 HPs)
             Began as a Gargoyle Fire Elementalist on Oct 1, 2023.
             Slain by a boulder beetle (15 damage)
             ... on level 7 of the Dungeon on Oct 2, 2023.
             The game lasted 00:42:30 (8515 turns).

wvc the Destroyer (Gargoyle Fire Elementalist)      Turns: 8515, Time: 00:42:31

Health: -1/50      AC: 13    Str: 13    XL:     10   Next: 41%
Magic:  21/22      EV: 16    Int: 19    God:
Gold:   735        SH:  0    Dex: 10    Spells: 18/26 levels left

rFire   . . .        j - +5 flail (venom)
rCold   . . .        F - orb {mayhem}
rNeg    + . .        A - +1 robe {Will+}
rPois   ∞            (no helmet)
rElec   +            f - scarf {repulsion}
rCorr   .            B - +1 pair of gloves
SInv    +            z - +0 pair of boots
Will    +....        m - amulet of the acrobat
Stlth   ++           o - +5 ring of evasion
HPRegen 0.28/turn    w - ring of see invisible
MPRegen 0.18/turn

%: mayhem, repel missiles, acrobat
@: no status effects
A: sickness immunity, AC +7, negative energy resistance 1, electricity
resistance, torment resistance 1, petrification resistance
a: no special abilities


You were on level 7 of the Dungeon.
You visited 1 branch of the dungeon, and saw 7 of its levels.
You also visited: Ossuary.

You collected 1010 gold pieces.
You spent 275 gold pieces at shops.

Inventory:

Hand Weapons
 e - a +0 sling of draining
 j - a +5 flail of venom (weapon)
 v - the +4 spear of Success {freeze, *Slow rN+ Will+ rCorr}
   (You found it on level 3 of the Dungeon)

   rN+:       It protects you from negative energy.
   Will+:     It increases your willpower.
   rCorr:     It protects you from acid and corrosion.
   *Slow:     It may slow you when you take damage.
 C - a +1 dagger of holy wrath
 D - a +2 scimitar of freezing
Missiles
 s - 45 stones
 u - 3 throwing nets (quivered)
 G - 6 poisoned darts
Armour
 f - a scarf of repulsion (worn)
 z - a +0 pair of boots (worn)
 A - a +1 robe of willpower (worn)
 B - a +1 pair of gloves (worn)
 F - an orb of mayhem (worn)
Jewellery
 m - an amulet of the acrobat (around neck)
 o - a +5 ring of evasion (left hand)
 w - a ring of see invisible (right hand)
 K - an amulet of reflection
Wands
 a - a wand of flame (23)
 i - a wand of charming (6)
 t - a wand of light (10)
 y - a wand of polymorph (9)
Scrolls
 d - 2 scrolls of teleportation
 h - 6 scrolls of fog
 r - a scroll of vulnerability
 J - a scroll of immolation
 L - a scroll of brand weapon
 M - a scroll of blinking
 O - a scroll of revelation
Potions
 b - 2 potions of magic
 c - 3 potions of mutation
 k - 2 potions of invisibility
 l - 5 potions of haste
 n - 2 potions of might
 x - 4 potions of enlightenment
 H - a potion of heal wounds
 I - a potion of attraction {unknown}


   Skills:
 - Level 1.5 Dodging
 - Level 2.1 Stealth
 + Level 8.6 Spellcasting
 + Level 9.4 Conjurations
 + Level 8.8 Fire Magic


You had 18 spell levels left.
You knew the following spells:

 Your Spells              Type           Power      Damage    Failure   Level
a - Foxfire               Conj/Fire      100%       2x1d9     1%          1
b - Inner Flame           Hex/Fire       25%        N/A       4%          3
c - Flame Wave            Conj/Fire      43%        2d11      1%          4

Your spell library contained the following spells:

 Spells                   Type           Power      Damage    Failure   Level
 Scorch                   Fire           82%        2d8       1%          2
 Volatile Blastmotes      Fire/Tloc      50%        2d14      4%          3
 Summon Small Mammal      Summ           32%        N/A       9%          1
 Call Canine Familiar     Summ           8%         N/A       26%         3
 Summon Guardian Golem    Hex/Summ       8%         N/A       26%         3
 Tukima's Dance           Hex            8%         N/A       26%         3
 Passage of Golubria      Tloc           8%         N/A       65%         4
 Alistair's Intoxication  Tmut/Pois      5%         N/A       94%         5
 Borgnjor's Vile Clutch   Necr/Erth      4%         N/A       94%         5
 Yara's Violent Unravell  Hex/Tmut       4%         3d4       94%         5
 Eringya's Noxious Bog    Tmut/Pois      4%         4d6       100%        6


Dungeon Overview and Level Annotations

Branches:
Dungeon (7/15)            Ossuary (visited)
 Temple: D:4-7

Altars:
Cheibriados

Shops:
D:3 =   D:5 (   D:7 [[!*

Annotations:
D:2 1 runed translucent door, Crazy Yiuf


Innate Abilities, Weirdness & Mutations

You are immune to sickness and miasma.
Your stone body is resilient. (AC +7)
You are immune to poison.
You resist negative energy. (rN+)
You are resistant to electric shocks. (rElec)
You are resistant to unholy torment.
You are immune to petrification.


Message History

H - a potion of heal wounds
Okay, then.
Okay, then.
An ice beast is nearby!
Casting: Foxfire (safe; 1% risk of failure)
Confirm with . or Enter, or press ? or * to list all spells.
You conjure some foxfire!
The foxfire hits the ice beast.
The ice beast melts!
The ice beast is lightly wounded.
The foxfire hits the ice beast!
The ice beast melts!
The ice beast is heavily wounded.
Casting: Foxfire (safe; 1% risk of failure)
Confirm with . or Enter, or press ? or * to list all spells.
You conjure some foxfire!
The foxfire hits the ice beast!
The ice beast melts!
The ice beast is almost dead.
The foxfire hits the ice beast.
The ice beast melts!
You kill the ice beast!
There is an entrance to Uxiunw Eseck's General Store here.
You open the door.
There is an open door here.
Found a stone staircase leading down.
A boulder beetle is nearby!
Casting: Foxfire (safe; 1% risk of failure)
Confirm with . or Enter, or press ? or * to list all spells.
You conjure some foxfire!
The boulder beetle curls into a ball and begins rolling!
The foxfire hits the boulder beetle but does no damage.
Casting: Foxfire (safe; 1% risk of failure)
Confirm with . or Enter, or press ? or * to list all spells.
You conjure some foxfire!
The foxfire hits the boulder beetle but does no damage. x2
You hit the boulder beetle.
The boulder beetle is poisoned.
The boulder beetle is lightly wounded.
The boulder beetle hits you!!!
Ouch! That really hurt!
* * * LOW HITPOINT WARNING * * *
The boulder beetle stops rolling and uncurls.
The boulder beetle bites you!
You die...

#.....#####.....#
###'####.....####
#.....#.....#
##.....#.....#
#......#.....#
#......#.....#
#......#.....#
##....##.....#########
#..).#######§@......#
#.....#....#§B......#
#.....'....+.°......#
#.....#....#.°......#
#########..##........#
#..........○.........#
#.......###.###......#
#.......#.....#......#
#.......#.....#......#


You could see a boulder beetle (very poisoned).

Vanquished Creatures
  Pikel (D:7)
  Jeremiah (D:6)
  A hornet (D:7)
  Grinder (D:4)
  Sigmund (D:4)
  2 wraiths
  A steam dragon (D:6)
  Edmund (D:5)
  A water moccasin (D:7)
  Duvessa (D:7)
  A sky beast (D:5)
  An ice beast (D:7)
  2 ogres (D:5)
  A lemure (D:7)
  3 phantoms (D:5)
  Blork the orc (D:4)
  2 kobold brigands (D:6)
  3 bullfrogs
  4 scorpions (D:5)
  5 wights
  Dowan (D:7)
  A killer bee (D:7)
  A howler monkey (D:6)
  3 hounds
  2 jellies
  A gnoll bouda (D:6)
  5 orc priests
  2 human zombies (Ossuary)
  Ijyb (D:4)
  2 orc wizards
  2 iguanas
  5 mummies
  13 gnolls
  12 adders
  4 shadow imps (D:5)
  A white imp (D:6)
  An ufetubus (D:4)
  2 worms (D:3)
  3 dart slugs
  15 orcs
  7 endoplasms
  A giant cockroach (D:1)
  3 gnoll zombies (Ossuary)
  8 goblins
  4 hobgoblins
  7 jackals
  3 quokkas
  5 ball pythons
  3 bats
  A frilled lizard (D:2)
  2 goblin zombies (Ossuary)
  3 hobgoblin zombies (Ossuary)
  14 kobolds
  2 kobold zombies (Ossuary)
  2 orc zombies
  8 rats
184 creatures vanquished.

Vanquished Creatures (collateral kills)
  3 foxfires (D:5)
3 creatures vanquished.

Vanquished Creatures (others)
  2 gnolls (D:7)
  586 foxfires
588 creatures vanquished.

Grand Total: 775 creatures vanquished

Notes
Turn   | Place    | Note
-------+----------+-------------------------------------------
     0 | D:1      | wvc the Gargoyle Fire Elementalist began the quest for the
                  | Orb.
     0 | D:1      | Reached XP level 1. HP: 10/10 MP: 3/3
   334 | D:1      | Reached XP level 2. HP: 15/15 MP: 3/5
   531 | D:1      | Reached XP level 3. HP: 19/19 MP: 4/6
   754 | D:2      | Reached skill level 2 in Conjurations
   992 | D:2      | Reached XP level 4. HP: 24/24 MP: 1/7
  1141 | D:2      | Found a faded altar of an unknown god.
  1234 | D:2      | Found a runed translucent door.
  1235 | D:2      | Noticed Crazy Yiuf
  1545 | D:3      | Reached XP level 5. HP: 26/28 MP: 6/9
  1616 | D:3      | Reached skill level 3 in Conjurations
  1642 | D:3      | Learned a level 3 spell: Inner Flame
  1714 | D:3      | Found Fiam's Jewellery Emporium.
  1734 | D:3      | Identified the +4 spear of Success {freeze, *Slow rN+ Will+
                  | rCorr}
  1881 | D:3      | Learned a level 4 spell: Flame Wave
  2484 | D:4      | Noticed Ijyb
  2510 | D:4      | Killed Ijyb
  2511 | D:4      | Reached XP level 6. HP: 32/32 MP: 10/10
  2551 | D:4      | Reached skill level 4 in Conjurations
  2886 | D:4      | Found a snail-covered altar of Cheibriados.
  3025 | D:4      | Noticed Grinder
  3032 | D:4      | Paralysed by Grinder for 3 turns
  3045 | D:4      | Paralysed by Grinder for 4 turns
  3053 | D:4      | Killed Grinder
  3054 | D:4      | Reached skill level 5 in Conjurations
  3054 | D:4      | Reached skill level 5 in Fire Magic
  3054 | D:4      | Reached XP level 7. HP: 24/36 MP: 1/13
  3257 | D:4      | Noticed Sigmund
  3263 | D:4      | Killed Sigmund
  3396 | D:4      | Noticed Blork the orc
  3419 | D:4      | Killed Blork the orc
  3666 | D:5      | Entered Level 5 of the Dungeon
  3716 | D:5      | Found a transporter.
  3719 | D:5      | Found a transporter.
  3748 | D:5      | Reached XP level 8. HP: 39/41 MP: 12/15
  4065 | D:5      | Reached skill level 6 in Conjurations
  4121 | D:5      | Found Nareab's Weapon Boutique.
  4133 | D:5      | Reached skill level 5 in Spellcasting
  4900 | D:6      | Noticed Eustachio
  4917 | D:5      | Reached skill level 7 in Conjurations
  4936 | D:5      | Eustachio changed into Eustachio the sky beast
  4936 | D:5      | Noticed Eustachio
  4964 | D:5      | Killed Eustachio the sky beast
  4991 | D:5      | Reached XP level 9. HP: 45/45 MP: 18/18
  4994 | D:6      | Noticed Jeremiah
  5356 | D:6      | Noticed Edmund
  5447 | D:5      | Killed Edmund
  5845 | D:5      | Reached skill level 8 in Conjurations
  5995 | D:6      | Killed Jeremiah
  6182 | D:6      | Identified a scroll of acquirement
  6182 | D:6      | Acquired 643 gold pieces
  6471 | D:7      | Found a sand-covered staircase.
  6493 | Ossuary  | Entered an ossuary
  7147 | D:7      | Noticed a hornet
  7163 | D:7      | Killed a hornet
  7341 | D:6      | Reached XP level 10. HP: 9/50 MP: 21/21
  7775 | D:7      | Reached skill level 9 in Conjurations
  7792 | D:7      | Noticed Duvessa
  7794 | D:7      | Noticed Dowan
  7812 | D:7      | Killed Duvessa
  7831 | D:7      | Killed Dowan
  7929 | D:7      | Noticed a boulder beetle
  8289 | D:7      | Found Uxiunw Eseck's General Store.
  8290 | D:7      | Found Vigek's Armour Shoppe.
  8291 | D:7      | Found Foirche's Antique Armour Shoppe.
  8291 | D:7      | Found Gigi's Distillery.
  8333 | D:7      | Noticed Pikel
  8362 | D:7      | Killed Pikel
  8421 | D:7      | Bought a pair of faintly glowing boots for 275 gold pieces
  8421 | D:7      | Identified the +1 pair of boots of Leapfrog {Harm +Blink
                  | rElec Stlth-} (You bought it in a shop on level 7 of the
                  | Dungeon)
  8515 | D:7      | Slain by a boulder beetle

Illustrated notes

Levels and vault maps discovered:
D:1:      minmay_arrival_checkered_box, layout_basic
D:2:      layout_rooms, hellmonk_ecumenical_altar_leap_of_faith,
          uniq_crazy_yiuf_cottage
D:3:      layout_basic, serial_shops, nicolae_shop_real_fake_doors
D:4:      layout_basic, slow_altar_2, minivault_4, uniq_grinder, uniq_sigmund,
          uniq_ijyb, uniq_blork_the_orc
D:5:      gammafunk_wand_slinger, layout_loops_ring, serial_shops,
          nicolae_shop_stone
D:6:      layout_cave_pools, uniq_eustachio, uniq_edmund, uniq_jeremiah
D:7:      layout_gridville, minmay_temple_entry_offerings,
          nicolae_ossuary_entry_giza, minmay_shop_grid_forest,
          serial_bayou_pond_e, minmay_chambers_of_fives, uniq_duvessa,
          uniq_pikel

Skill      XL: |  1  2  3  4  5  6  7  8  9 10 |
---------------+-------------------------------+-----
Conjurations   | 2 3 5 7 8 9 |  9.4
Fire Magic     | 4 5 6 8 |  8.8
Spellcasting   | 3 4 6 7 8 |  8.6
Dodging        | |  1.5
Stealth        | |  2.1

Action                     |  1- 3 |  4- 6 |  7- 9 | 10-12 || total
---------------------------+-------+-------+-------+-------++-------
  Melee: Unarmed           |     1 |       |       |       ||     1
         Spear             |       |     5 |       |       ||     5
         Flail             |       |       |    84 |    28 ||   112
         Punch             |       |       |     1 |       ||     1
   Fire: Sling             |    35 |    82 |    82 |       ||   199
  Throw: Throwing net      |       |       |       |     3 ||     3
   Cast: Foxfire           |    24 |    58 |   197 |    63 ||   342
         Flame Wave        |       |       |     6 |       ||     6
         Inner Flame       |       |       |     3 |       ||     3
  Evoke: Wand              |       |       |     1 |       ||     1
    Use: Scroll            |       |    10 |     9 |     4 ||    23
         Potion            |       |     1 |       |       ||     1
   Stab: Sleeping          |       |       |       |     1 ||     1
 Armour: Robe              |    16 |    23 |   154 |    57 ||   250
  Dodge: Dodged            |    29 |    78 |   292 |    87 ||   486
         Repelled          |       |       |     3 |     1 ||     4

Table legend: (Time is in decaauts)
 A = Elapsed time spent in this place.
 B = Non-inter-level travel time spent in this place.
 C = Inter-level travel time spent in this place.
 D = Time resting spent in this place.
 E = Time spent auto-exploring this place.
 F = Levels seen in this place.
 G = Mean time per level.
                   A        B        C        D        E       F      G
               +--------+--------+--------+--------+--------+-----+--------+
         Total |   8663 |   8476 |    187 |   1651 |   4364 |   8 | 1082.9 |
       Dungeon |   8010 |   7823 |    187 |   1622 |   3985 |   7 | 1144.3 |
       Ossuary |    652 |    652 |      0 |     29 |    379 |   1 |  652.0 |
               +--------+--------+--------+--------+--------+-----+--------+

Top non-repeatable levels by time:
     D:5: 1970 daAuts
     D:4: 1236 daAuts
     D:3: 1220 daAuts
     D:6: 1162 daAuts
     D:7: 1134 daAuts
     D:1: 709 daAuts
 Ossuary: 652 daAuts
     D:2: 576 daAuts
